 Dungeon Crawl Stone Soup version 0.31-a0-489-g282fc92437 (webtiles) character file.

Game seed: 7142508418905485943

1815 Ethylacetat the Trooper (level 9, -1/62 HPs)
             Began as an Octopode Brigand on Aug 8, 2023.
             Was an Initiate of Gozag.
             Slain by a yak (15 damage)
             ... on level 6 of the Dungeon.
             The game lasted 00:06:30 (4102 turns).

Ethylacetat the Trooper (Octopode Brigand)          Turns: 4102, Time: 00:06:30

Health: -1/62      AC:  1    Str:  5    XL:     9   Next: 10%
Magic:  9/9        EV: 17    Int: 15    God:    Gozag
Gold:   318        SH:  5    Dex: 25    Spells: 8/8 levels left

rFire   . . .        t - +9 trident of the Lurker {pain, Str-5 Int+2 Dex+7}
rCold   . . .        (no shield)
rNeg    + . .        (helmet currently unavailable)
rPois   .            p - amulet of reflection
rElec   .            g - ring of positive energy
rCorr   .            i - +4 ring of slaying
SInv    .            (no ring)
Will    .....        (no ring)
Stlth   +++++        (no ring)
HPRegen 0.30/turn    (no ring)
MPRegen 0.11/turn    (no ring)
                     (no ring)

%: reflection
@: beast-form, gold aura
A: beast (slay +4), almost no armour, amphibious, 8 rings, camouflage 1,
gelatinous body 1, (nimble swimmer 1), tentacles
a: Begin Untransformation, Renounce Religion, Potion Petition, Call Merchant,
Bribe Branch


You were on level 6 of the Dungeon.
You worshipped Gozag.
Gozag was aware of your devotion.
You were a hulking beast.
You visited 2 branches of the dungeon, and saw 7 of its levels.

You collected 434 gold pieces.
You paid 116 gold pieces to Gozag.

Inventory:

Hand Weapons
 a - a +2 dagger
 f - a +1 dagger of electrocution
 t - the +9 trident of the Lurker (weapon) {pain, Str-5 Int+2 Dex+7}
   (You found it on level 4 of the Dungeon)

   Str:       It affects your strength (-5).
   Int:       It affects your intelligence (+2).
   Dex:       It affects your dexterity (+7).
Missiles
 b - 16 poisoned darts (quivered)
 c - 3 curare-tipped darts
 D - a throwing net
Jewellery
 g - a ring of positive energy (left tentacle)
 i - a +4 ring of slaying (right tentacle)
 p - an amulet of reflection (around mantle)
 E - a ring of flight
Talismans
 n - a beast talisman (active)
Wands
 q - a wand of roots (9)
 s - a wand of flame (52)
 y - a wand of charming (12)
Scrolls
 e - 3 scrolls of blinking {unknown}
 h - 4 scrolls of revelation {unknown}
 k - 3 scrolls of teleportation {unknown}
 l - 8 scrolls of identify {unknown}
 o - a scroll of silence {unknown}
 r - 2 scrolls of noise {unknown}
 u - a scroll of fog {unknown}
 x - a scroll of vulnerability {unknown}
 C - a scroll of brand weapon {unknown}
Potions
 d - a potion of curing
 j - a potion of magic
 m - a potion of heal wounds
 v - a potion of ambrosia
 w - 2 potions of attraction {unknown}
 z - a potion of brilliance {unknown}
 A - a potion of might {unknown}
 B - a potion of cancellation {unknown}


   Skills:
 + Level 5.9 Fighting
 - Level 2.0 Short Blades
 + Level 4.0 Polearms
 - Level 2.0 Throwing
 + Level 5.6 Dodging
 - Level 5.3 Stealth
 * Level 5.7 Shapeshifting


You had 8 spell levels left.
You didn't know any spells.
Your spell library contained the following spells:

 Spells                   Type           Power      Damage    Failure   Level
 Ozocubu's Armour         Ice            0%         N/A       63%         3
 Metabolic Englaciation   Hex/Ice        0%         N/A       100%        5
 Simulacrum               Ice/Necr       Unusable   N/A       N/A         6

Dungeon Overview and Level Annotations

Branches:
Dungeon (6/15)             Temple (1/1) D:6

Altars:
Ashenzari
Cheibriados
Dithmenos
Elyvilon
Fedhas
Gozag
Kikubaaqudgha
Makhleb
Nemelex Xobeh
Okawaru
Qazlal
Ru
Trog
Uskayaw
Vehumet
Wu Jian
Xom
Yredelemnul
Zin
The Shining One

Shops:
D:4 =


Innate Abilities, Weirdness & Mutations

You are a hulking beast.
Your limbs bulge with bestial killing power. (Slay +4)
You cannot wear most types of armour.
You are amphibious.
You can wear up to eight rings at the same time.
Your skin changes colour to match your surroundings (Stealth+).
Your rubbery body absorbs attacks. (AC +1, EV +1)
((You are camouflaged when in or above water. (Stealth+)))
You have tentacles for arms and can constrict up to eight enemies at once.


Message History

The yak is distracted by your dazzling golden aura.
The yak bellows!
You hit the yak.
The yak is moderately wounded.
You block the yak's attack.
You hit the yak.
Your tentacle-slap misses the yak.
You squeeze the yak!
The yak is severely wounded.
The yak closely misses you. The yak misses you.
You hit the yak.
The yak is severely wounded.
The yak is no longer distracted by gold.
The yak completely misses you.
You puncture the yak!
You kill the yak!
You have reached level 9!
Your experience leads to an increase in your attributes!
Your base attributes are Str 10, Int 13, Dex 16.
Increase (S)trength, (I)ntelligence, or (D)exterity?
You feel agile. x2
You puncture the yak! Your squeeze misses the yak.
The yak is moderately wounded.
The yak gores you!
You hit the yak. You squeeze the yak!
The yak is heavily wounded.
You block the yak's attack.
You puncture the yak! You squeeze the yak, but do no damage.
The yak is almost dead.
The yak completely misses you.
You impale the yak!!
You kill the yak!
Your Polearms skill increases to level 4!
You puncture the yak!
The yak is moderately wounded.
The yak gores you!
* * * LOW HITPOINT WARNING * * *
You hit the yak but do no damage. You squeeze the yak!
The yak is heavily wounded.
The yak gores you!
You die...
Your body crumbles into a pile of gold.

#.....##.##...........
#...#..#.##...>.......
#...##................
#.....##.###..........
#####.##.# #..........
#.##.# #.##.# #.##.#
#h##.# #Y##.# #.. $
##.. ... .... .....
......


You could see a yak.

Vanquished Creatures
  5 yaks (D:6)
  A water moccasin (D:5)
  2 phantoms
  2 scorpions (D:6)
  2 jellies
  2 electric eels (D:4)
  2 hounds (D:5)
  2 sleepcaps (D:6)
  7 orc wizards
  9 gnolls
  11 adders
  A white imp (D:6)
  A dart slug (D:2)
  12 orcs
  4 bats
  7 endoplasms
  2 giant cockroaches (D:4)
  3 goblins
  5 hobgoblins
  6 jackals
  7 quokkas
  7 ball pythons
  4 frilled lizards
  7 kobolds
  6 rats
117 creatures vanquished.

Notes
Turn   | Place    | Note
-------+----------+-------------------------------------------
     0 | D:1      | Ethylacetat the Octopode Brigand began the quest for the
                  | Orb.
     0 | D:1      | Reached XP level 1. HP: 14/14 MP: 1/1
    95 | D:1      | Reached XP level 2. HP: 20/20 MP: 2/2
   394 | D:1      | Reached XP level 3. HP: 25/25 MP: 3/3
   786 | D:2      | Reached XP level 4. HP: 31/31 MP: 4/4
   798 | D:2      | Found a shimmering altar of Xom.
  1334 | D:3      | Reached skill level 1 in Shapeshifting
  1343 | D:3      | Reached XP level 5. HP: 36/36 MP: 5/5
  1725 | D:4      | Identified the +9 trident of the Lurker {pain, Str-5 Int+2
                  | Dex+7}
  1983 | D:4      | Found Voclyrie's Jewellery Shop.
  1991 | D:4      | Found a transporter.
  2020 | D:4      | Reached XP level 6. HP: 29/43 MP: 6/6
  2029 | D:4      | Found a transporter.
  2539 | D:5      | Entered Level 5 of the Dungeon
  2721 | D:5      | Reached skill level 1 in Polearms
  2721 | D:5      | Reached XP level 7. HP: 48/49 MP: 7/7
  3631 | D:6      | Found a staircase to the Ecumenical Temple.
  3670 | D:6      | Reached XP level 8. HP: 45/54 MP: 8/8
  3690 | Temple   | Entered the Ecumenical Temple
  3723 | Temple   | Became a worshipper of Gozag Ym Sagoz the Greedy
  3768 | D:6      | Reached skill level 5 in Fighting
  4076 | D:6      | Noticed a yak
  4077 | D:6      | Noticed a yak
  4077 | D:6      | Noticed a yak
  4078 | D:6      | Noticed a yak
  4078 | D:6      | Noticed a yak
  4078 | D:6      | Noticed a yak
  4086 | D:6      | Killed a yak
  4087 | D:6      | Reached skill level 5 in Dodging
  4089 | D:6      | Killed a yak
  4090 | D:6      | Reached skill level 5 in Shapeshifting
  4092 | D:6      | Killed a yak
  4096 | D:6      | Killed a yak
  4097 | D:6      | Reached XP level 9. HP: 36/62 MP: 9/9
  4102 | D:6      | Slain by a yak

Illustrated notes

Levels and vault maps discovered:
D:1:      erik_arrival_orb_chamber, layout_rooms, chequers_serial_rivers_room_a
D:2:      layout_rooms, basic_altar, reono_crystal_passage
D:3:      layout_basic
D:4:      gammafunk_steamed_eel, layout_loops_corners, serial_shops,
          nicolae_shop_gaudy_bauble
D:5:      layout_loops_ring
D:6:      layout_rooms, minmay_temple_entry_hall
Temple:   mainiacjoe_temple_cubbyholes

Skill      XL: |  1  2  3  4  5  6  7  8  9 |
---------------+----------------------------+-----
Dodging        | 2 3 4 5 |  5.6
Fighting       | 3 4 5 |  5.9
Shapeshifting  | 1 2 3 4 5 |  5.7
Polearms       | 1 2 3 4 |  4.0
Short Blades   | |  2.0
Throwing       | |  2.0
Stealth        | |  5.3

Action                     |  1- 3 |  4- 6 |  7- 9 || total
---------------------------+-------+-------+-------++-------
  Melee: Dagger            |    63 |    36 |       ||    99
         Constrict         |    16 |     9 |    12 ||    37
         Tentacles         |     8 |     4 |    18 ||    30
         Punch             |     1 |       |       ||     1
         Trident           |       |    29 |    83 ||   112
  Evoke: Wand              |       |     2 |       ||     2
    Use: Potion            |       |       |     5 ||     5
   Stab: Sleeping          |     5 |    20 |     6 ||    31
         Distracted        |       |       |     1 ||     1
 Armour: Skin              |     2 |     3 |       ||     5
  Dodge: Dodged            |    24 |    25 |    31 ||    80
  Block: Other             |       |     4 |    10 ||    14
   Form: Beast             |       |     1 |       ||     1

Table legend: (Time is in decaauts)
 A = Elapsed time spent in this place.
 B = Non-inter-level travel time spent in this place.
 C = Inter-level travel time spent in this place.
 D = Time resting spent in this place.
 E = Time spent auto-exploring this place.
 F = Levels seen in this place.
 G = Mean time per level.
                   A        B        C        D        E       F      G
               +--------+--------+--------+--------+--------+-----+--------+
         Total |   4112 |   3904 |    208 |      0 |   3175 |   7 |  587.4 |
       Dungeon |   4047 |   3901 |    146 |      0 |   3175 |   6 |  674.5 |
        Temple |     64 |      2 |     62 |      0 |      0 |   1 |   64.0 |
               +--------+--------+--------+--------+--------+-----+--------+

Top non-repeatable levels by time:
     D:5: 939 daAuts
     D:4: 824 daAuts
     D:3: 686 daAuts
     D:1: 578 daAuts
     D:6: 574 daAuts
     D:2: 443 daAuts
  Temple: 64 daAuts
